AoeStats
← Zoraxx

Hill Fort

505902420Analyzed
3v3 RM · 21d ago on Sep 11, 2026· 50m 16s· 6 players
Game mode
Random Map
Map size
Normal (6 player)
Population
200
Speed
Normal
Resources
Standard
Victory
Conquest
Starting age
Dark Age
Ending age
Imperial Age
RankedLock teamsTeams togetherTeam positionsShared explorationLock speedFull tech treeHidden civsTurbo modeCheats
Victory
Defeat
🇩🇪 Maya · Germany
1176
+12
🇩🇪 Armenians · Germany
1145
+14
🇩🇪 Bohemians · Germany
1077
+16
🇨🇭 Huns · Switzerland
1113
-15
🇫🇮 Malians · Finland
1085
-14
🇦🇺 Koreans · Australia
1075
-13
fear the lamb
10:16 Feudal Age
10:56 Double-Bit Axe
12:09 Horse Collar
17:19 Castle Age
19:09 Fletching
22:09 Bow Saw
24:19 Heavy Plow
29:01 Bodkin Arrow
28:30 Elite Skirmisher
32:38 Padded Archer Armor
35:18 Leather Archer Armor
38:20 Imperial Age
39:41 Conscription
40:09 Bracer
40:15 Scale Barding Armor
45:17 Parthian Tactics
48:05 Chemistry
anoran
11:02 Feudal Age
12:38 Horse Collar
14:43 Loom
20:02 Forging
19:58 Scale Barding Armor
21:13 Scale Mail Armor
25:39 Castle Age
25:05 Fletching
26:26 Bloodlines
28:39 Pikeman
29:20 Squires
32:52 Double-Bit Axe
34:26 Wheelbarrow
38:42 Hand Cart
41:00 Iron Casting
40:41 Chain Mail Armor
41:56 Bow Saw
41:50 Heavy Plow
41:50 Light Cavalry
42:30 Husbandry
48:02 Imperial Age
48:22 Squires
48:08 Arson
48:51 Farimba
49:11 Conscription
50:29 Chain Barding Armor
50:05 Bodkin Arrow
50:41 Plate Mail Armor
50:09 Bodkin Arrow
richnoob575
10:20 Loom
11:26 Loom
13:12 Feudal Age
18:07 Castle Age
16:19 Double-Bit Axe
16:42 Horse Collar
17:34 Stone Mining
21:53 Fletching
25:34 Bodkin Arrow
26:23 Fervor
32:11 Ballistics
33:23 Murder Holes
35:02 Eupseong
44:33 Imperial Age
42:42 Wheelbarrow
45:58 Conscription
46:02 Shinkichon
47:00 Caravan
48:41 Chemistry
49:16 Light Cavalry
49:58 Husbandry
Cheriten
0:31 Loom
9:19 Feudal Age
12:34 Double-Bit Axe
14:14 Town Watch
14:46 Fletching
16:36 Padded Archer Armor
19:10 Wheelbarrow
20:18 Horse Collar
24:51 Castle Age
23:29 Gold Mining
24:58 Crossbowman
25:44 Thumb Ring
25:35 Bodkin Arrow
26:35 Leather Archer Armor
27:04 Ballistics
31:40 Hand Cart
35:16 Imperial Age
35:02 Town Patrol
35:20 Arbalester
36:01 Bracer
37:53 Chemistry
38:12 Ring Archer Armor
39:20 Heavy Scorpion
39:24 Onager
49:39 Conscription
Sulpog
5:50 Loom
11:22 Feudal Age
13:21 Man-at-Arms
14:45 Long Swordsman
15:49 Double-Bit Axe
16:40 Scale Mail Armor
21:30 Forging
24:02 Castle Age
22:42 Horse Collar
23:32 Gold Mining
24:07 Two-Handed Swordsman
25:04 Chain Mail Armor
25:07 Squires
26:32 Bow Saw
26:59 Gold Shaft Mining
26:37 Heavy Plow
30:05 Gambesons
30:00 Champion
32:02 Iron Casting
32:11 Stone Mining
37:34 Imperial Age
36:01 Wheelbarrow
39:25 Blast Furnace
38:15 Capped Ram
40:58 Arson
42:02 Plate Mail Armor
42:35 Hand Cart
42:44 Conscription
42:22 Siege Ram
48:58 Town Watch
48:39 Pikeman
Zoraxx
5:51 Loom
11:31 Feudal Age
12:10 Horse Collar
12:39 Double-Bit Axe
18:54 Castle Age
17:08 Double-Bit Axe
20:34 Bow Saw
21:54 Heavy Plow
23:28 Fletching
25:04 Bodkin Arrow
27:29 Ballistics
28:13 Chemistry
28:59 Pikeman
29:55 Forging
29:46 Scale Mail Armor
31:49 Squires
41:19 Imperial Age
39:27 Ballistics
42:20 Halberdier
43:39 Iron Casting
48:29 Bracer
48:29 Padded Archer Armor
51:10 Leather Archer Armor
Connection lost

Rejoining the realm…

Still unreachable

The connection could not be restored.

Session expired

The server has moved on; the page needs a fresh start.